 Dungeon Crawl Stone Soup version 0.17.0-28-g6e173f8 (webtiles) character file.

4086 coffecat the Cleaver (level 10, -4/91 HPs)
             Began as a Minotaur Berserker on Nov 27, 2015.
             Was an Elder of Trog.
             Slain by a killer bee (5 damage)
             ... on level 10 of the Dungeon.
             The game lasted 00:32:56 (5672 turns).

coffecat the Cleaver (Minotaur Berserker)           Turns: 5672, Time: 00:32:58

Health: -4/91      AC: 12    Str: 25    XL:     10   Next: 5%
Magic:  9/9        EV: 11    Int:  4    God:    Trog [****..]
Gold:   282        SH:  0    Dex: 10    Spells: 0 memorised, 9 levels left

rFire  . . .     SeeInvis .     y - +0 war axe
rCold  . . .     Clarity  .     s - +0 chain mail
rNeg   . . .     SustAt   .     (no shield)
rPois  +         Gourm    .     (helmet restricted)
rElec  .         Spirit   .     (no cloak)
rCorr  .         Warding  .     r - +0 pair of gloves
rMut   .         Stasis   .     (no boots)
MR     ++...                    (no amulet)
Stlth  ..........               (no ring)
                                z - ring of poison resistance

@: exhausted, regenerating, slowed, very slow, very resistant to hostile
enchantments, extremely unstealthy
A: retaliatory headbutt, horns 2
a: Berserk, Trog's Hand, Brothers in Arms, Burn Spellbooks, Renounce Religion


You were on level 10 of the Dungeon.
You worshipped Trog.
Trog was greatly pleased with you.
You were very hungry.

You visited 1 branch of the dungeon, and saw 10 of its levels.

You collected 326 gold pieces.
You spent 44 gold pieces at shops.

Inventory:

Hand Weapons
 a - a +0 hand axe
 y - a +0 war axe (weapon)
Armour
 b - a +0 animal skin
 r - a +0 pair of gloves (worn)
 s - a +0 chain mail (worn)
Jewellery
 z - a ring of poison resistance (left hand)
Scrolls
 l - a scroll of identify
 p - 2 scrolls of remove curse
 q - a scroll of magic mapping
 t - 2 scrolls of teleportation
 w - 2 scrolls of enchant armour {unknown}
Potions
 c - 3 potions of might
 d - a potion of cancellation {unknown}
 e - a potion of invisibility {unknown}
 f - a potion of curing {unknown}
 g - 2 potions of flight {unknown}
 h - a potion of lignification {unknown}
 j - a potion of haste {unknown}
 k - 3 potions of heal wounds {unknown}
 m - a potion of agility {unknown}
 u - a potion of magic {unknown}
 v - 3 potions of mutation {unknown}
 x - a potion of resistance {unknown}
Comestibles
 i - 7 fruits
 n - 2 meat rations
 o - 4 bread rations


   Skills:
 * Level 9.5 Fighting
 * Level 10.0 Axes
 * Level 7.6 Armour
 + Level 8.3 Dodging
 + Level 2.2 Stealth


You had 9 spell levels left.
You didn't know any spells.

Dungeon Overview and Level Annotations

Branches:
Dungeon (10/15)            Temple (0/1) D:6            Lair (0/8) D:9
    Orc: D:9-12

Altars:
Sif Muna
Yredelemnul
The Shining One

Shops:
D:4 [


Innate Abilities, Weirdness & Mutations

You reflexively headbutt those who attack you in melee.
You have a pair of horns on your head.


Message History

The killer bee rages.
The killer bee closely misses you.
The killer bee rages.
The killer bee stings you!
* * * LOW HITPOINT WARNING * * *
The killer bee stings you but does no damage.
The killer bee closely misses you. The killer bee stings you.
* * * LOW HITPOINT WARNING * * *
The killer bee rages.
The killer bee stings you but does no damage.
The killer bee closely misses you. You furiously retaliate!
You headbutt the killer bee! The killer bee stings you!
* * * LOW HITPOINT WARNING * * *
The killer bee stings you.
* * * LOW HITPOINT WARNING * * *
The killer bee stings you but does no damage.
The killer bee rages.
The killer bee stings you but does no damage.
The killer bee stings you.
You die...

#.....#..# +.....#
#.##..#..# #######
.. #..#.##.....# .
#..#........# ##.
#..#........# ...
#..#.....##.# #.##
#..#####.##.#
#...##..##y.#....#
#...†...yyy@#'####
#...†.yy..y.....#
#..####..##y.##..#
#. #..##..# ..#
#......# ..#
#....... ..#
#########..# ..#
..#


You could see a queen bee and 7 killer bees.

Vanquished Creatures
  Erica (D:10)
  Pikel (D:4)
  Prince Ribbit (D:6)
  2 yaks (D:9)
  Eustachio (D:4)
  3 slaves (D:4)
  An ice beast (D:4)
  3 sky beasts
  2 ogres
  5 giant frogs
  2 scorpions (D:5)
  14 killer bees
  4 crimson imps
  4 hounds
  2 quasits
  2 giant frog skeletons
  3 worker ants
  3 orc wizards
  A hound zombie (D:6)
  A hound skeleton (D:5)
  A worker ant zombie (D:9)
  A river rat (D:9)
  4 gnolls (D:9)
  8 adders
  2 worms
  4 giant geckos
  13 orcs
  2 ball pythons (D:1)
  6 bats
  A hobgoblin (D:2)
  6 jackals
  A quokka (D:4)
  4 giant cockroaches
  2 giant newts
  4 goblins
  3 kobolds
  A quokka skeleton (D:7)
  9 rats
  A fungus (D:9)
129 creatures vanquished.

Vanquished Creatures (others)
  An orc priest (D:7)
  3 orcs (D:7)
  9 fungi (D:9)
  A plant (D:9)
14 creatures vanquished.

Grand Total: 143 creatures vanquished

Notes
Turn   | Place    | Note
--------------------------------------------------------------
     0 | D:1      | coffecat the Minotaur Berserker began the quest for the Orb.
     0 | D:1      | Reached XP level 1. HP: 19/19 MP: 0/0
   163 | D:1      | Reached XP level 2. HP: 27/27 MP: 1/1
   379 | D:2      | Found a glowing golden altar of the Shining One.
   380 | D:2      | Found a deep blue altar of Sif Muna.
   409 | D:2      | Reached skill level 4 in Fighting
   430 | D:2      | Reached XP level 3. HP: 8/33 MP: 2/2
  1202 | D:4      | Noticed Eustachio
  1212 | D:4      | Reached XP level 4. HP: 32/41 MP: 3/3
  1217 | D:4      | Killed Eustachio
  1217 | D:4      | Reached ** piety under Trog
  1217 | D:4      | Reached skill level 5 in Axes
  1217 | D:4      | Reached XP level 5. HP: 30/47 MP: 4/4
  1702 | D:4      | Reached XP level 6. HP: 40/55 MP: 5/5
  1804 | D:4      | Reached skill level 5 in Fighting
  1910 | D:4      | Found Izuqimpu's Armour Emporium.
  1966 | D:5      | Entered Level 5 of the Dungeon
  2022 | D:5      | Reached skill level 5 in Dodging
  2410 | D:5      | Reached skill level 1 in Stealth
  2410 | D:5      | Reached XP level 7. HP: 62/62 MP: 6/6
  2541 | D:5      | Reached skill level 6 in Axes
  2889 | D:4      | Noticed a slave
  2895 | D:4      | Noticed a slave
  2903 | D:4      | Killed a slave
  2906 | D:4      | Killed a slave
  2927 | D:4      | Noticed Pikel
  2964 | D:4      | Noticed a slave
  2976 | D:4      | Killed Pikel
  2976 | D:4      | Reached skill level 7 in Fighting
  2976 | D:4      | Reached XP level 8. HP: 56/73 MP: 7/7
  2976 | D:4      | Killed a slave
  3250 | D:4      | Bought a +0 scale mail for 44 gold pieces
  3317 | D:4      | Noticed an ice beast
  3337 | D:4      | Killed an ice beast
  3728 | D:6      | Found a staircase to the Ecumenical Temple.
  3768 | D:6      | Noticed Prince Ribbit
  3787 | D:6      | Killed Prince Ribbit
  3847 | D:6      | Reached skill level 8 in Axes
  3870 | D:7      | Noticed a freed slave
  4117 | D:7      | Reached XP level 9. HP: 65/81 MP: 8/8
  4251 | D:9      | Reached *** piety under Trog
  4416 | D:9      | Reached skill level 9 in Axes
  4742 | D:9      | Found a staircase to the Lair.
  4887 | D:9      | Found a basalt altar of Yredelemnul.
  5221 | D:9      | Reached skill level 5 in Armour
  5390 | D:10     | Entered Level 10 of the Dungeon
  5502 | D:10     | Noticed Erica
  5510 | D:10     | Killed Erica
  5649 | D:10     | Reached **** piety under Trog
  5660 | D:10     | Reached XP level 10. HP: 91/91 MP: 9/9
  5665 | D:10     | Reached skill level 10 in Axes
  5671 | D:10     | HP: 4/91 [killer bee (9)]
  5672 | D:10     | HP: 1/91 [killer bee (5)]
  5672 | D:10     | Slain by a killer bee

Action                   |  1- 3 |  4- 6 |  7- 9 | 10-12 || total
-------------------------+-------+-------+-------+-------++-------
Melee: Hand axe          |    64 |    86 |   207 |       ||   357
       War axe           |       |       |    37 |     6 ||    43
Invok: Berserk           |     3 |     3 |     8 |       ||    14
       Trog's Hand       |       |     1 |     2 |       ||     3
       Burn Spellbooks   |       |     1 |       |       ||     1
  Use: Scroll            |       |       |     7 |       ||     7
 Stab: Sleeping          |       |       |     1 |       ||     1
  Eat: Bread ration      |     1 |     1 |       |       ||     2
       Pizza             |       |     1 |       |       ||     1
       Chunk             |       |     1 |     5 |       ||     6
       Fruit             |       |       |     3 |       ||     3
       Meat ration       |       |       |     2 |       ||     2
